 Dungeon Crawl Stone Soup version 0.27.1-4-g1640c2035a (webtiles) character file.

Game seed: 15961794777982916572

42 ZappyNine the Firebug (level 3, 0/33 HPs)
             Began as an Ogre Fire Elementalist on Nov 7, 2021.
             Succumbed to a kobold's poison
             ... on level 2 of the Dungeon.
             The game lasted 00:02:44 (2314 turns).

ZappyNine the Firebug (Ogre Fire Elementalist)      Turns: 2314, Time: 00:02:45

Health: 0/33       AC:  3    Str: 12    XL:     3   Next: 56%
Magic:  5/7        EV: 10    Int: 17    God:
Gold:   55         SH:  0    Dex:  9    Spells: 6/7 levels left

rFire    . . .     SeeInvis .   (no weapon)
rCold    . . .     Faith    .   (no shield)
rNeg     . . .     Spirit   .   a - +0 robe
rPois    .         Reflect  .   (helmet restricted)
rElec    .         Harm     .   (no cloak)
rCorr    .         Rampage  .   (gloves unavailable)
Will     .....                  (boots unavailable)
Stlth    +.........             (no amulet)
HPRegen  0.11/turn              (no ring)
MPRegen  0.10/turn              (no ring)

@: lethally poisoned (0 -> -19)
A: large, unfitting armour, tough skin 1
a: no special abilities


You were on level 2 of the Dungeon.
You visited 1 branch of the dungeon, and saw 2 of its levels.

You collected 55 gold pieces.

Inventory:

Armour
 a - a +0 robe (worn)
Jewellery
 d - a ring of protection from cold
Scrolls
 f - 2 scrolls of enchant weapon {unknown}
 g - 2 scrolls of identify {unknown}
Potions
 b - a potion of degeneration {unknown}
 c - 3 potions of curing {unknown}
 e - a potion of heal wounds {unknown}
 h - a potion of flight {unknown}


   Skills:
 + Level 1.3 Fighting
 - Level 2.1 Dodging
 - Level 1.4 Stealth
 + Level 2.9 Spellcasting
 + Level 1.3 Conjurations
 - Level 3.1 Fire Magic


You had 6 spell levels left.
You knew the following spells:

 Your Spells              Type           Power      Damage    Failure   Level
a - Foxfire               Conj/Fire      40%        2x1d6     7%          1

Your spell library contained the following spells:

 Spells                   Type           Power      Damage    Failure   Level
 Conjure Flame            Conj/Fire      10%        6-21      22%         3
 Inner Flame              Hex/Fire       7%         N/A       28%         3
 Sticky Flame             Conj/Fire      10%        2d3       56%         4
 Fireball                 Conj/Fire      5%         3d5       89%         5


Dungeon Overview and Level Annotations

Branches:
Dungeon (2/15)

Altars:

Shops:
D:2 [


Innate Abilities, Weirdness & Mutations

You are too large for most types of armour.
You have tough skin. (AC +1)


Message History

The hobgoblin is almost dead.
You feel very sick. The hobgoblin completely misses you.
The kobold hits you with a +1 dagger of venom.
You are more poisoned.
You hit the hobgoblin.
You kill the hobgoblin!
You feel very sick.
The kobold hits you with a +1 dagger of venom.
You are more poisoned.
You are too injured to fight recklessly!
You are too injured to fight recklessly!
You are too injured to fight recklessly!
You are too injured to fight recklessly!
You are too injured to fight recklessly!
You are too injured to fight recklessly!
You are too injured to fight recklessly!
You are too injured to fight recklessly!
You are too injured to fight recklessly!
There is a lethal amount of poison in your body!
There is a lethal amount of poison in your body!
Unknown command.
Casting: Foxfire (safe; 7% risk of failure)
Confirm with . or Enter, or press ? or * to list all spells.
You conjure some foxfire!
* * * LOW HITPOINT WARNING * * *
You feel extremely sick. The kobold completely misses you.
Unknown command.
Casting: Foxfire (safe; 7% risk of failure)
Confirm with . or Enter, or press ? or * to list all spells.
You conjure some foxfire!
* * * LOW HITPOINT WARNING * * *
You feel very sick.
The foxfire hits the kobold.
The kobold is severely wounded.
The foxfire hits the kobold.
You kill the kobold!
Your foxfire dissipates!
You die...

#.. #.#
######################.#
........................
##.####.############....
#.# #.......##.#.# #.#
#.#####.##.#.. #.#
#.##..#....### ...####@#
#.....###### ......§.#
#####...# #.##..§v)...#
###.# #...<..?.#
#...#### #........#
#.#....# #........#
#.+....#
.........#####....###
#.........##........†.
#.###+######.........#


There were no monsters in sight!

Vanquished Creatures
  2 ball pythons
  6 bats (D:1)
  4 endoplasms (D:1)
  11 giant cockroaches
  A goblin (D:1)
  A hobgoblin (D:2)
  4 jackals (D:1)
  3 frilled lizards (D:1)
  4 kobolds
36 creatures vanquished.

Vanquished Creatures (others)
  57 foxfires
57 creatures vanquished.

Grand Total: 93 creatures vanquished

Notes
Turn   | Place    | Note
-------+----------+-------------------------------------------
     0 | D:1      | ZappyNine the Ogre Fire Elementalist began the quest for
                  | the Orb.
     0 | D:1      | Reached XP level 1. HP: 16/16 MP: 3/3
   499 | D:1      | Reached skill level 3 in Fire Magic
   499 | D:1      | Reached XP level 2. HP: 14/24 MP: 5/5
   644 | D:1      | Found a faded altar of an unknown god.
   985 | D:1      | Reached skill level 1 in Conjurations
  1386 | D:1      | Reached XP level 3. HP: 3/32 MP: 0/7
  1900 | D:2      | Reached skill level 1 in Fighting
  2001 | D:2      | Found Esaoqall's Armour Boutique.
  2314 | D:2      | Succumbed to a kobold's poison

Illustrated notes

Levels and vault maps discovered:
D:1:      lightli_arrival_flooded_house, layout_loops_ring,
          shapermc_ecumenical_altar_venn
D:2:      minmay_roachtagon, layout_basic, serial_shops, shop,
          nicolae_lakefront_shop, shop, nicolae_shop_window_shopping,
          basic_altar, hangedman_decor_points

Skill      XL: |  1  2  3 |
---------------+----------+-----
Dodging        | 2 |  2.1
Fire Magic     | 3 |  3.1
Conjurations   | 1 |  1.3
Fighting       | 1 |  1.3
Stealth        | |  1.4
Spellcasting   | |  2.9

Action                   || total
-------------------------++-------
Melee: Unarmed           ||   192
 Cast: Foxfire           ||    39
 Stab: Sleeping          ||     1
Armor: Robe              ||    94
Dodge: Dodged            ||   165
